 Dungeon Crawl Stone Soup version 0.31-a0-1057-g70f3316b05 (webtiles) character file.

Game seed: 2725651100547756817

84 IndexError the Magician (level 4, -5/35 HPs)
             Began as a Djinni Conjurer on Nov 20, 2023.
             Slain by Crazy Yiuf
             ... wielding a +4 quarterstaff of chaos
              (24 damage)
             ... on level 2 of the Dungeon.
             The game lasted 00:01:51 (1505 turns).

IndexError the Magician (Djinni Conjurer)           Turns: 1505, Time: 00:01:52

Health: -5/35      AC:  6    Str:  6    XL:     4   Next: 72%
Gold:   117        EV: 12    Int: 22    God:
                   SH:  0    Dex: 11

rFire   + + +        j - staff of fire {rF+}
rCold   . . .        (no shield)
rNeg    . . .        n - +2 robe {Will+}
rPois   ∞            (no helmet)
rElec   .            f - +0 cloak
rCorr   .            d - +0 pair of gloves
SInv    .            (boots unavailable)
Will    +....        (no amulet)
Stlth   ++           e - ring of protection from cold {rC+, !d}
HPRegen 0.25/turn    (no ring)
MPRegen 0.00/turn

%: infuse magic (-6 HP)
@: flying
A: sickness immunity, fire resistance 2, cold vulnerability 1, float, innate
caster, HP casting, extra vitality 1
a: no special abilities


You were on level 2 of the Dungeon.
You visited 1 branch of the dungeon, and saw 2 of its levels.

You collected 117 gold pieces.

Inventory:

Missiles
 l - 2 silver javelins
Armour
 d - a +0 pair of gloves (worn)
   (You found it on level 1 of the Dungeon)
 f - a +0 cloak (worn)
   (You found it on level 1 of the Dungeon)
 n - a +2 robe of willpower (worn)
   (You took it off Jessica on level 2 of the Dungeon)
Magical Staves
 j - a staff of fire (weapon) {rF+}
   (You found it on level 1 of the Dungeon)
Jewellery
 e - a ring of protection from cold (left hand) {rC+, !d}
   (You found it on level 1 of the Dungeon)
Scrolls
 b - a scroll of vulnerability {unknown}
 c - a scroll of noise {unknown}
 g - a scroll of torment {unknown}
 h - 2 scrolls of teleportation {unknown}
 i - 2 scrolls of identify {unknown}
Potions
 k - a potion of attraction {unknown}
 m - 2 potions of magic {unknown}


   Skills:
 * Level 3.3 Fighting
 - Level 2.1 Dodging
 - Level 1.5 Stealth
 + Level 3.7 Spellcasting
 + Level 3.7 Conjurations
 + Level 3.7 Hexes
   Level 0.0 Charms
 + Level 3.7 Summonings
 + Level 3.7 Necromancy
 + Level 3.7 Translocations
 + Level 3.7 Transmutations
 + Level 3.7 Fire Magic
 + Level 3.7 Ice Magic
 + Level 3.7 Air Magic
 + Level 3.7 Earth Magic
 + Level 3.7 Poison Magic


You knew the following spells:

 Your Spells              Type           Power      Damage    Failure   Level
a - Magic Dart            Conj           80%        1d7       2%          1
b - Searing Ray           Conj           40%        2d5       3%          2
c - Dazzling Flash        Conj/Hex       40%        N/A       8%          3
d - Fulminant Prism       Conj/Hex       10%        3d8       24%         4
e - Shock                 Conj/Air       80%        1d8       2%          1
x - Iskenderun's Mystic   Conj/Tloc      20%        2d6       24%         4
Your spell library was empty.

Dungeon Overview and Level Annotations

Branches:
Dungeon (2/15)

Altars:

Annotations:
D:2 Crazy Yiuf


Innate Abilities, Weirdness & Mutations

You are immune to sickness and miasma.
You are immune to poison.
Your flesh is very heat resistant. (rF++)
You are vulnerable to cold. (rC-)
You float through the air rather than walking.
You learn spells naturally, not from books.
Your magical power is your life essence.
You have superior vitality. (+4 MHP)


Message History

You can't see any susceptible monsters within range! (Use Z to cast anyway.)
A dart slug comes into view.
Your magical contamination has completely faded away.
Things that are here:
a +0 club; a +2 robe of willpower; the human corpse of Jessica You start removing your armour.
You continue taking off your +0 robe. x4
You finish taking off your +0 robe.
You start putting on your armour.
You continue putting on your +2 robe of willpower. x5
You finish putting on your +2 robe of willpower.
You feel strong-willed.
You regained 3 hp, and now have 31/35 hp.
You drop a +0 robe.
You now have 117 gold pieces (gained 16).
Health restored: 35 The magic dart hits the dart slug.
You take 1 damage, and have 34/35 hp.
The magic dart hits the dart slug.
The dart slug launches a dart at you. The slug dart misses you.
You take 1 damage, and have 33/35 hp.
The magic dart hits the dart slug.
You take 1 damage, and have 32/35 hp.
The magic dart hits the dart slug.
The magic dart hits the dart slug.
You take 1 damage, and have 31/35 hp.
You can't see any susceptible monsters within range! (Use Z to cast anyway.)
You see here a dart slug corpse.
You see here a giant cockroach corpse.
You see here a worm corpse.
i - 2 scrolls labelled IXURE NEVVAUPN (gained 1)
You see here 5 boomerangs.
An adder comes into view.
Health restored: 35 An adder is nearby!
An adder is nearby!
The magic dart hits the adder.
You take 1 damage, and have 34/35 hp.
The magic dart hits the adder but does no damage.
The magic dart hits the adder.
You take 1 damage, and have 33/35 hp.
The magic dart hits the adder!
You take 1 damage, and have 32/35 hp.
You can't see any susceptible monsters within range! (Use Z to cast anyway.)
You can't see any susceptible monsters within range! (Use Z to cast anyway.)
You see here 5 stones.
You see here an adder corpse.
A goblin comes into view. It is wielding a +0 dagger.
Health restored: 35 A goblin is nearby!
The magic dart hits the goblin.
The goblin shouts!
You take 1 damage, and have 34/35 hp.
You can't see any susceptible monsters within range! (Use Z to cast anyway.)
You can't see any susceptible monsters within range! (Use Z to cast anyway.)
A goblin is nearby!
The magic dart hits the goblin.
You take 1 damage, and have 33/35 hp.
You can't see any susceptible monsters within range! (Use Z to cast anyway.)
Things that are here:
a +0 dagger; a goblin corpse
There is a stone staircase leading down here.
Things that are here:
a +0 dagger; a goblin corpse
Found a runed translucent door.
Health restored: 35 You see here a +1 heavy hammer.
You see here a +0 hammer.
Crazy Yiuf shouts!
Crazy Yiuf screams, "Pitchfork!
Iron high shrimp."
You see here a +0 hammer.
You see here a +1 heavy hammer.
You see here an adder corpse.
You see here 5 stones.
Things that are here:
a +0 short sword; 5 stones You see here a +0 long sword.
You see here a +0 long sword.
Things that are here:
a +0 short sword; 5 stones You see here a +0 short sword.
You see here 5 stones.
You see here an adder skeleton.
Crazy Yiuf shouts!
You see here a +1 heavy hammer.
You see here a +0 hammer.
Could not explore, unopened runed door.
Could not explore, unopened runed door.
You reach down and open the door.
Casting: Magic Dart (safe; 2% risk of failure)
Confirm with . or Enter, or press ? or * to list all spells.
Aiming: Searing Ray (safe; 3% risk of failure)
Press: ? - help, Shift-Dir - straight line, f - Crazy Yiuf
Aim: Crazy Yiuf, wielding a +4 quarterstaff of chaos and wearing a +2 cloak (81% to hit)
The searing ray hits Crazy Yiuf. (Press . to maintain the ray.) Crazy Yiuf hits you with a +4 quarterstaff of chaos!
Space warps horribly around you!!
Ouch! That really hurt!
You die...

#########.## #....#
##..
##..[##....####....#
#...
##.............)....#
##..
#....################
### #....# # #....#
##...##♣♣ ###
##.....♣♣ ♣♣#.))#
#......♣♣♣♣@g.).#
##......♣))♣#)..#
##....♣.♣♣♣ ###
###♣♣♣♣♣


You could see Crazy Yiuf.

Vanquished Creatures
  Jessica (D:2)
  An adder (D:2)
  2 worms (D:2)
  A dart slug (D:2)
  3 ball pythons (D:1)
  6 bats
  6 endoplasms
  A giant cockroach (D:2)
  4 goblins
  A hobgoblin (D:1)
  6 kobolds
  2 quokkas (D:1)
  2 frilled lizards
  2 rats
38 creatures vanquished.

Notes
Turn   | Place    | Note
-------+----------+-------------------------------------------
     0 | D:1      | IndexError the Djinni Conjurer began the quest for the Orb.
     0 | D:1      | IndexError set off with the following spells memorised:
                  | Magic Dart, Searing Ray, Dazzling Flash, Fulminant Prism,
                  | Iskenderun's Mystic Blast.
     0 | D:1      | Reached XP level 1. HP: 15/15 MP: 0/0
   284 | D:1      | Reached skill level 1 in Fighting
   284 | D:1      | Reached XP level 2. HP: 20/22 MP: 0/0
   562 | D:1      | Reached XP level 3. HP: 22/28 MP: 0/0
   562 | D:1      | Learned a level 1 spell: Shock
   641 | D:1      | Reached skill level 2 in Fighting
  1141 | D:2      | Noticed Jessica
  1145 | D:2      | Killed Jessica
  1146 | D:2      | Reached XP level 4. HP: 29/34 MP: 0/0
  1149 | D:2      | Reached skill level 3 in Fighting
  1358 | D:2      | Found a runed translucent door.
  1359 | D:2      | Noticed Crazy Yiuf
  1505 | D:2      | Slain by Crazy Yiuf

Illustrated notes

Levels and vault maps discovered:
D:1:      erik_arrival_blinker_ship, layout_loops_ring
D:2:      layout_rooms, serial_curves, eino_curves_03, eino_curves_01,
          uniq_jessica, uniq_crazy_yiuf_cottage

Skill      XL: |  1  2  3  4 |
---------------+-------------+-----
Fighting       | 1 2 3 |  3.3
Dodging        | |  2.1
Stealth        | |  1.5
Spellcasting   | |  3.7
Conjurations   | |  3.7
Hexes          | |  3.7
Summonings     | |  3.7
Necromancy     | |  3.7
Translocations | |  3.7
Transmutations | |  3.7
Fire Magic     | |  3.7
Ice Magic      | |  3.7
Air Magic      | |  3.7
Earth Magic    | |  3.7
Poison Magic   | |  3.7

Action                     |  1- 3 |  4- 6 || total
---------------------------+-------+-------++-------
   Cast: Magic Dart        |    73 |    14 ||    87
         Searing Ray       |     2 |     1 ||     3
 Armour: Robe              |     4 |     1 ||     5
  Dodge: Dodged            |     7 |     1 ||     8

Table legend: (Time is in decaauts)
 A = Elapsed time spent in this place.
 B = Non-inter-level travel time spent in this place.
 C = Inter-level travel time spent in this place.
 D = Time resting spent in this place.
 E = Time spent auto-exploring this place.
 F = Levels seen in this place.
 G = Mean time per level.
                   A        B        C        D        E       F      G
               +--------+--------+--------+--------+--------+-----+--------+
         Total |   1503 |   1456 |     47 |      0 |   1255 |   2 |  751.5 |
       Dungeon |   1503 |   1456 |     47 |      0 |   1255 |   2 |  751.5 |
               +--------+--------+--------+--------+--------+-----+--------+

Top non-repeatable levels by time:
     D:1: 776 daAuts
     D:2: 727 daAuts

Levels and vault maps discovered:
D:1:      erik_arrival_blinker_ship, layout_loops_ring
D:2:      layout_rooms, serial_curves, eino_curves_03, eino_curves_01,
          uniq_jessica, uniq_crazy_yiuf_cottage

Table legend: (Time is in decaauts)
 A = Elapsed time spent in this place.
 B = Non-inter-level travel time spent in this place.
 C = Inter-level travel time spent in this place.
 D = Time resting spent in this place.
 E = Time spent auto-exploring this place.
 F = Levels seen in this place.
 G = Mean time per level.
                   A        B        C        D        E       F      G
               +--------+--------+--------+--------+--------+-----+--------+
         Total |   1503 |   1456 |     47 |      0 |   1255 |   2 |  751.5 |
       Dungeon |   1503 |   1456 |     47 |      0 |   1255 |   2 |  751.5 |
               +--------+--------+--------+--------+--------+-----+--------+

Top non-repeatable levels by time:
     D:1: 776 daAuts
     D:2: 727 daAuts

Table legend:
 A = Kills in this place as a percentage of kills in the entire game.
 B = Kills by you in this place as a percentage of kills by you in the entire game.
 C = Kills by friends in this place as a percentage of kills by friends in the entire game.
 D = Other kills in this place as a percentage of other kills in the entire game.
 E = Experience gained in this place as a percentage of experience gained in the entire game.
 F = Experience gained in this place divided by the number of levels of this place that you have seen.
                   A       B       C       D       E      F
               +-------+-------+-------+-------+-------+----------------------
         Total | 100.0 | 100.0 |   N/A |   N/A | 100.0 |  60.0
       Dungeon | 100.0 | 100.0 |   N/A |   N/A | 100.0 |  60.0
               +-------+-------+-------+-------+-------+----------------------
